 Dungeon Crawl Stone Soup version 0.28.0 (webtiles) character file.

Game seed: 14189711864532713015

1510 lmSkywalker the Thaumaturge (level 9, -2/55 HPs)
             Began as a Djinni Fire Elementalist on Feb 5, 2022.
             Shot with an arrow by a centaur (8 damage)
             ... on level 5 of the Dungeon.
             The game lasted 00:22:53 (5778 turns).

lmSkywalker the Thaumaturge (DjFE)                  Turns: 5778, Time: 00:22:54

Health: -2/55      AC:  6    Str:  7    XL:     9   Next: 9%
Gold:   160        EV: 13    Int: 22    God:
                   SH:  0    Dex: 19

rFire   + + .      SeeInvis .   u - +1 short sword (venom)
rCold   . . .      Faith    .   (no shield)
rNeg    . . .      Spirit   .   a - +0 robe
rPois   ∞          Reflect  .   s - +2 helmet
rElec   .          Harm     .   m - +0 cloak
rCorr   .          Rampage  .   (no gloves)
Will    .....                   (boots unavailable)
Stlth   ++........              (no amulet)
HPRegen 0.18/turn               r - ring of protection from cold
MPRegen 0.00/turn               i - +6 ring of dexterity

@: flying
A: sickness immunity, fire resistance 2, cold vulnerability 1, float, innate
caster, HP casting, extra vitality 1
a: no special abilities


You were on level 5 of the Dungeon.
You visited 1 branch of the dungeon, and saw 5 of its levels.

You collected 160 gold pieces.

Inventory:

Hand Weapons
 u - a +1 short sword of venom (weapon)
Missiles
 j - 2 javelins
Armour
 a - a +0 robe (worn)
 m - a +0 cloak (worn)
 s - a +2 helmet (worn)
Jewellery
 i - a +6 ring of dexterity (right hand)
 l - a ring of protection from fire
 r - a ring of protection from cold (left hand)
Wands
 w - a wand of acid (11)
Scrolls
 b - 4 scrolls of identify {unknown}
 f - a scroll of amnesia {unknown}
 k - a scroll of enchant weapon {unknown}
 n - 2 scrolls of enchant armour {unknown}
 o - 2 scrolls of brand weapon {unknown}
 p - a scroll of torment {unknown}
 t - a scroll of fear {unknown}
 v - a scroll of teleportation {unknown}
Potions
 c - 4 potions of heal wounds {unknown}
 d - a potion of mutation {unknown}
 e - 2 potions of berserk rage {unknown}
 g - a potion of lignification {unknown}
 h - a potion of curing {unknown}
 q - a potion of cancellation {unknown}
 x - a potion of magic {unknown}


   Skills:
 - Level 0.2 Fighting
 - Level 0.4 Maces & Flails
 - Level 2.6 Dodging
 - Level 2.2 Stealth
 + Level 8.4 Spellcasting


You had 3 spell levels left.
You knew the following spells:

 Your Spells              Type           Power      Damage    Failure   Level
a - Foxfire               Conj/Fire      100%       2x1d9     1%          1
b - Scorch                Fire           92%        2d10      1%          2
c - Conjure Flame         Conj/Fire      46%        6-21      1%          3
d - Inner Flame           Hex/Fire       46%        N/A       1%          3
e - Flame Wave            Conj/Fire      46%        2d10      2%          4
f - Freeze                Ice            100%       1d11      1%          1
g - Call Imp              Summ           46%        N/A       1%          2
h - Ensorcelled Hibernat  Hex/Ice        92%        N/A       1%          2
i - Mephitic Cloud        Conj/Pois/Air  46%        N/A       1%          3
Your spell library was empty.

Dungeon Overview and Level Annotations

Branches:
Dungeon (5/15)
 Temple: D:4-7

Altars:
Cheibriados

Shops:
D:1 [


Innate Abilities, Weirdness & Mutations

You are immune to sickness and miasma.
You are immune to poison.
Your flesh is very heat resistant. (rF++)
You are vulnerable to cold. (rC-)
You float through the air rather than walking.
You learn spells naturally, not from books.
Your magical power is your life essence.
You have superior vitality. (+4 MHP)


Message History

Confirm with . or Enter, or press ? or * to list all spells.
Flames lash the orc.
The orc is moderately wounded.
The orc's fire resistance burns away.
You hear a shout!
Casting: Scorch (safe; 1% risk of failure)
Confirm with . or Enter, or press ? or * to list all spells.
Flames lash the orc.
You kill the orc!
Casting: Scorch (safe; 1% risk of failure)
Confirm with . or Enter, or press ? or * to list all spells.
Flames lash the orc.
The orc is burned terribly!
You kill the orc!
An orc comes into view. It is wielding a +0 short sword.
Casting: Scorch (safe; 1% risk of failure)
Confirm with . or Enter, or press ? or * to list all spells.
Flames lash the orc.
You kill the orc!
Casting: Scorch (safe; 1% risk of failure)
Confirm with . or Enter, or press ? or * to list all spells.
Flames lash the orc.
You kill the orc!
Casting: Scorch (safe; 1% risk of failure)
Confirm with . or Enter, or press ? or * to list all spells.
Flames lash the orc.
You kill the orc!
You hear a shout!
You start resting.
A centaur comes into view.
The centaur wields a +0 shortbow.
The centaur shoots an arrow.
The arrow hits you but does no damage.
The centaur shoots an arrow.
The arrow closely misses you.
The centaur shoots an arrow.
The arrow hits you!
* * * LOW HITPOINT WARNING * * *
The centaur shoots an arrow.
The arrow closely misses you.
The centaur shoots an arrow.
The arrow hits you!
* * * LOW HITPOINT WARNING * * *
You see here 26 stones.
The centaur shoots an arrow.
The arrow hits you!
You die...

###.....##.....#
###.####..####
#.# #..#########
#.# #..##...#..#
#.# #.....#...##
#####.#
#.###....##
#...#.# #.#
##..## #.....#
#.# #.## #...###
#. #.@## ##.##
#. #(#.# ##.##
#. #.###
..#.######.# #.#
.###.......# #.#
#.#.######## #.#
##.## #####c#
#.# #.....# #.#
#.#####


You could see a centaur.

Vanquished Creatures
  Pikel (D:4)
  An ice beast (D:5)
  A sky beast (D:5)
  A centaur (D:4)
  An ogre (D:4)
  A lemure (D:4)
  A water moccasin zombie (D:3)
  A scorpion (D:5)
  3 wights (D:5)
  2 bullfrog skeletons
  A hound (D:3)
  A jelly (D:5)
  Jessica (D:3)
  An iguana (D:4)
  Natasha (thrice) (D:2)
  An orc wizard (D:4)
  A howler monkey zombie (D:5)
  A gnoll (D:1)
  A howler monkey skeleton (D:5)
  7 adders
  An ufetubus (D:4)
  2 worms (D:2)
  4 dart slugs
  13 orcs
  5 bats
  9 endoplasms
  3 giant cockroaches
  2 goblins (D:4)
  5 hobgoblins
  8 jackals
  9 kobolds
  5 quokkas
  6 ball pythons
  3 frilled lizards
  3 rats (D:1)
109 creatures vanquished.

Vanquished Creatures (collateral kills)
  An orc (D:4)
1 creature vanquished.

Vanquished Creatures (others)
  258 foxfires
258 creatures vanquished.

Grand Total: 368 creatures vanquished

Notes
Turn   | Place    | Note
-------+----------+-------------------------------------------
     0 | D:1      | lmSkywalker the Djinni Fire Elementalist began the quest
                  | for the Orb.
     0 | D:1      | Reached XP level 1. HP: 15/15 MP: 0/0
    38 | D:1      | Reached XP level 2. HP: 11/21 MP: 0/0
   356 | D:1      | Reached skill level 3 in Spellcasting
   485 | D:1      | Reached XP level 3. HP: 22/25 MP: 0/0
   485 | D:1      | Learned a level 1 spell: Freeze
   698 | D:1      | Found a faded altar of an unknown god.
   964 | D:1      | Found Wifareek's Antique Armour Emporium.
  1571 | D:2      | Reached XP level 4. HP: 23/31 MP: 0/0
  1711 | D:2      | Noticed Natasha
  1715 | D:2      | Killed Natasha
  1771 | D:2      | Noticed Natasha
  1898 | D:2      | Killed Natasha
  1899 | D:2      | Reached XP level 5. HP: 29/35 MP: 0/0
  1899 | D:2      | Learned a level 2 spell: Call Imp
  2073 | D:2      | Reached skill level 4 in Spellcasting
  2336 | D:2      | Noticed Natasha
  2341 | D:2      | Killed Natasha
  2795 | D:3      | Noticed Jessica
  2796 | D:3      | Killed Jessica
  2797 | D:3      | Reached XP level 6. HP: 38/40 MP: 0/0
  3142 | D:3      | Reached skill level 5 in Spellcasting
  3463 | D:4      | Reached XP level 7. HP: 26/45 MP: 0/0
  3463 | D:4      | Learned a level 2 spell: Ensorcelled Hibernation
  4423 | D:4      | Noticed Pikel
  4501 | D:4      | Killed Pikel
  4502 | D:4      | Reached skill level 7 in Spellcasting
  4502 | D:4      | Reached XP level 8. HP: 15/50 MP: 0/0
  4739 | D:4      | Found a snail-covered altar of Cheibriados.
  5322 | D:5      | Entered Level 5 of the Dungeon
  5456 | D:5      | Reached skill level 8 in Spellcasting
  5646 | D:5      | Reached XP level 9. HP: 45/55 MP: 0/0
  5646 | D:5      | Learned a level 3 spell: Mephitic Cloud
  5778 | D:5      | Shot with an arrow by a centaur

Illustrated notes

Levels and vault maps discovered:
D:1:      psy_arrival_whirlpool, layout_basic, basic_ecumenical_altar,
          serial_shops, shop
D:2:      layout_basic, amcnicky_mini_corridor_feature, uniq_natasha
D:3:      layout_rooms, uniq_jessica
D:4:      layout_loops_ring, slow_altar_2, hangedman_minor_gate_pass, uniq_pikel
D:5:      layout_loops_ring, palyth_temple_overflow_mages,
          amethyst_overflow_temple_binary

Skill      XL: |  1  2  3  4  5  6  7  8 |
---------------+-------------------------+-----
Spellcasting   | 3 4 5 7 8 |  8.4
Stealth        | 2 |  2.2
Fighting       | |  0.2
Maces & Flails | |  0.4
Dodging        | |  2.6

Action                   |  1- 3 |  4- 6 |  7- 9 || total
-------------------------+-------+-------+-------++-------
Melee: Whip              |    12 |     2 |       ||    14
       Short sword       |       |       |     5 ||     5
       Punch             |       |       |     1 ||     1
 Cast: Foxfire           |    41 |    67 |    47 ||   155
       Scorch            |     6 |    23 |    58 ||    87
       Call Imp          |       |     1 |     5 ||     6
       Conjure Flame     |       |       |     7 ||     7
 Stab: Sleeping          |     1 |       |     1 ||     2
Armor: Robe              |     4 |     1 |     7 ||    12
Dodge: Dodged            |     7 |     5 |    11 ||    23
